 Dungeon Crawl Stone Soup version 0.29-a0-716-gf28ee254f9 (webtiles) character file.

Game seed: 10723142186940773322

2555 Lekart the Chopper (level 9, 0/75 HPs)
             Began as a White Draconian Fighter on June 17, 2022.
             Was a Believer of Lugonu.
             Slain by a two-headed ogre
             ... wielding a +0 dire flail
              (28 damage)
             ... on level 7 of the Dungeon on June 26, 2022.
             The game lasted 00:12:05 (8337 turns).

Lekart the Chopper (White Draconian Fighter)        Turns: 8337, Time: 00:12:05

Health: 0/75       AC:  8    Str: 20    XL:     9   Next: 31%
Magic:  10/10      EV: 14    Int: 10    God:    Lugonu [**....]
Gold:   444        SH:  5    Dex: 12    Spells: 8/8 levels left

rFire   + . .      SeeInvis .   a - +2 war axe (chaos)
rCold   + . .      Faith    .   b - +0 buckler
rNeg    . . .      Spirit   .   (body armour unavailable)
rPois   .          Reflect  .   (helmet restricted)
rElec   .          Harm     .   (no cloak)
rCorr   .          Rampage  .   e - +0 pair of gloves
Will    .....                   (no boots)
Stlth   +.........              (no amulet)
HPRegen 0.22/turn               f - ring of protection from fire
MPRegen 0.12/turn               (no ring)

@: no status effects
A: breathe frost, AC +7, unfitting armour, cold resistance 1, cold-blooded
a: Breathe Frost, Renounce Religion, Depart the Abyss, Bend Space


You were on level 7 of the Dungeon.
You worshipped Lugonu.
Lugonu was pleased with you.
You visited 2 branches of the dungeon, and saw 8 of its levels.
You also visited: Ossuary.

You collected 444 gold pieces.

Inventory:

Hand Weapons
 a - a +2 war axe of chaos (weapon)
 m - a +0 hand axe of flaming
Armour
 b - a +0 buckler (worn)
 e - a +0 pair of gloves (worn)
Jewellery
 d - a ring of ice
 f - a ring of protection from fire (left hand)
 n - an amulet of guardian spirit
 s - a +6 ring of strength
Wands
 j - a wand of iceblast (3)
Scrolls
 h - a scroll of amnesia
 l - 2 scrolls of teleportation {unknown}
 o - a scroll of fog
 q - 3 scrolls of vulnerability
 v - a scroll of immolation {unknown}
Potions
 c - 4 potions of might
 g - 6 potions of curing
 i - 4 potions of heal wounds
 k - a potion of berserk rage
 p - a potion of cancellation
 t - a potion of flight {unknown}
 u - 2 potions of mutation {unknown}


   Skills:
 + Level 5.7 Fighting
 + Level 7.8 Axes
 * Level 6.9 Dodging
 * Level 6.0 Shields
 * Level 2.6 Invocations
 + Level 0.7 Evocations


You had 8 spell levels left.
You didn't know any spells.
Your spell library contained the following spells:

 Spells                   Type           Power      Damage    Failure   Level
 Foxfire                  Conj/Fire      0%         2x1d4     43%         1
 Conjure Flame            Conj/Fire      0%         6-21      82%         3
 Inner Flame              Hex/Fire       0%         N/A       82%         3
 Summon Guardian Golem    Hex/Summ       0%         N/A       82%         3
 Corpse Rot               Necr/Pois/Air  0%         N/A       99%         4
 Dispel Undead            Necr           0%         3d6       99%         4
 Flame Wave               Conj/Fire      0%         2d4       99%         4
 Death Channel            Necr           0%         N/A       100%        6
 Orb of Destruction       Conj           0%         9d5       100%        7
 Spellforged Servitor     Conj/Summ      0%         N/A       100%        7


Dungeon Overview and Level Annotations

Branches:
Dungeon (7/15)             Temple (1/1) D:6         Ossuary (visited)

Altars:
Ashenzari
Cheibriados
Elyvilon
Gozag
Hepliaklqana
Kikubaaqudgha
Qazlal
Sif Muna
Trog
Uskayaw
Vehumet
Xom
Zin
The Shining One
Lugonu

Annotations:
D:3 4 runed translucent doors, Crazy Yiuf; ilii's ghost, amateur GnIE


Innate Abilities, Weirdness & Mutations

You can breathe waves of freezing cold which knock back foes.
Your icy white scales are hard. (AC +7)
You cannot fit into any form of body armour.
Your flesh is cold resistant. (rC+)
You are cold-blooded and may be slowed by cold attacks.


Message History

You closely miss the white imp.
You tail-slap the white imp, but do no damage.
The white imp barely misses you.
You barely miss the white imp.
The white imp hits you but does no damage.
You slash the white imp!
Lightning courses through the white imp!
You kill the white imp!
Lugonu accepts your kill.
You can now bend space around yourself.
You slash the kobold!
You kill the kobold!
Lugonu accepts your kill.
You completely miss the kobold. The kobold misses you.
You hit the kobold.
You kill the kobold!
Lugonu accepts your kill.
No target in view!
No target in view!
Key pressed, stopping explore.
No target in view!
A two-headed ogre comes into view.
It is wielding a +0 dire flail and a +0 giant club.
A two-headed ogre is nearby!
The two-headed ogre shouts in stereo!
Items here: ( )) ††.
A two-headed ogre is nearby!
Items here: $ ( ))) [ †.
You hit the two-headed ogre.
The two-headed ogre seems to grow stronger.
Your tail-slap misses the two-headed ogre.
The two-headed ogre is lightly wounded.
The two-headed ogre closely misses you. The two-headed ogre misses you.
You hit the two-headed ogre.
The two-headed ogre is poisoned.
The two-headed ogre is lightly wounded.
You block the two-headed ogre's attack.
The two-headed ogre completely misses you.
You hit the two-headed ogre.
Nothing appears to happen.
The two-headed ogre is moderately wounded.
The two-headed ogre hits you with a +0 dire flail!!!
The two-headed ogre hits you with a +0 giant club!!
You die...

###### #####....# ########
#########........### #......#
........+..#.##O...# #......#
..........#...#.@).# #......#
.##..#....#...#.)))####......#
.###+#..##....####.#.#.......#
.......#⌠.##+## #...#.......#
.......#..... #.).........#
###.####...... ###.........#
........#..... ..#........#
....#...+..._. +...#........#
....#...# .... #...#........#


You could see a two-headed ogre (strong, very poisoned).

Vanquished Creatures
  4 black bears
  A sky beast (D:7)
  3 centaurs
  2 ogres (D:6)
  A phantom (D:5)
  A kobold brigand (D:7)
  2 elf zombies (Ossuary)
  5 scorpions
  A gnoll sergeant (D:6)
  3 wights (D:6)
  2 howler monkeys (D:6)
  2 centaur zombies (Ossuary)
  A hound (D:6)
  2 jellies
  2 human zombies (Ossuary)
  5 iguanas
  4 orc wizards
  2 hound zombies (Ossuary)
  3 mummies (Ossuary)
  11 gnolls
  10 adders
  A shadow imp (D:5)
  A white imp (D:7)
  An ufetubus (D:5)
  2 worms
  A dart slug (D:3)
  15 orcs
  3 bats
  2 endoplasms (D:4)
  2 giant cockroaches
  2 goblins (D:3)
  4 hobgoblins (D:3)
  3 jackals (D:4)
  4 quokkas
  9 ball pythons
  2 frilled lizards (D:2)
  2 goblin zombies (Ossuary)
  2 hobgoblin zombies (Ossuary)
  3 jackal zombies (Ossuary)
  20 kobolds
  8 kobold zombies (Ossuary)
  An orc zombie (Ossuary)
  A quokka zombie (Ossuary)
  7 rats
  8 rat zombies (Ossuary)
171 creatures vanquished.

Vanquished Creatures (others)
  An orc (D:4)
  6 plants (D:7)
7 creatures vanquished.

Grand Total: 178 creatures vanquished

Notes
Turn   | Place    | Note
-------+----------+-------------------------------------------
     0 | D:1      | Lekart the Draconian Fighter began the quest for the Orb.
     0 | D:1      | Reached XP level 1. HP: 19/19 MP: 1/1
   201 | D:1      | Found a faded altar of an unknown god.
   302 | D:1      | Reached XP level 2. HP: 26/26 MP: 2/2
   725 | D:2      | Reached XP level 3. HP: 15/31 MP: 3/3
  1340 | D:2      | Reached XP level 4. HP: 40/40 MP: 4/4
  1930 | D:3      | Found a runed translucent door.
  1931 | D:3      | Noticed Crazy Yiuf
  2009 | D:3      | Reached skill level 3 in Axes
  2116 | D:3      | Found a runed translucent gate.
  2116 | D:3      | Found a runed translucent gate.
  2116 | D:3      | Found a runed translucent gate.
  2128 | D:3      | Noticed ilii's ghost (amateur GnIE)
  2803 | D:4      | Noticed a scorpion
  2818 | D:4      | Killed a scorpion
  2819 | D:4      | Reached XP level 5. HP: 14/46 MP: 5/5
  3230 | D:4      | Reached skill level 4 in Axes
  3230 | D:4      | Reached XP level 6. HP: 18/52 MP: 6/6
  4054 | D:5      | Entered Level 5 of the Dungeon
  4092 | D:5      | Found a shimmering blue altar of Sif Muna.
  4192 | D:5      | Found a sand-covered staircase.
  4201 | Ossuary  | Entered an ossuary
  4305 | Ossuary  | Your scales start taking on an icy white colour.
  4305 | Ossuary  | Reached XP level 7. HP: 44/59 MP: 7/7
  4305 | Ossuary  | Gained mutation: Your flesh is cold resistant. (rC+) [White
                  | Draconian growth]
  4544 | Ossuary  | Reached skill level 5 in Axes
  4653 | Ossuary  | Reached skill level 5 in Dodging
  5233 | D:5      | Reached skill level 6 in Axes
  5233 | D:5      | Reached skill level 5 in Shields
  5233 | D:5      | Reached XP level 8. HP: 45/67 MP: 8/8
  5654 | D:5      | Reached skill level 5 in Fighting
  5985 | D:5      | Identified the +5 long sword "Ocelop" {vorpal, Str+3}
  6411 | D:5      | Identified the +7 falchion of the Scorching Fulmar {venom,
                  | rCorr Str+3 Int+4 Dex+3}
  6504 | D:5      | Upgraded the game from 0.29-a0-615-gdeedd76f10 to
                  | 0.29-a0-716-gf28ee254f9
  6730 | D:6      | Found a staircase to the Ecumenical Temple.
  6748 | Temple   | Entered the Ecumenical Temple
  6801 | Temple   | Became a worshipper of Lugonu the Unformed
  6801 | Temple   | Reached * piety under Lugonu
  6931 | D:6      | Reached skill level 7 in Axes
  7226 | D:6      | Reached skill level 1 in Invocations
  7495 | D:6      | Found a radiant altar of Vehumet.
  7587 | D:6      | Reached XP level 9. HP: 72/74 MP: 10/10
  7621 | D:6      | Found a bloodstained altar of Trog.
  7694 | D:6      | Found an opulent altar of Gozag.
  8199 | D:7      | Found a broken altar of Ashenzari.
  8255 | D:7      | Reached ** piety under Lugonu
  8332 | D:7      | Noticed a two-headed ogre
  8337 | D:7      | Slain by a two-headed ogre

Illustrated notes

Levels and vault maps discovered:
D:1:      mrwooster_arrival_statue_3, layout_rooms, basic_ecumenical_altar
D:2:      layout_rooms, chequers_garden
D:3:      layout_basic, ebering_ghost_rock_garden, kennysheep_generic_room_6,
          uniq_crazy_yiuf_cottage
D:4:      layout_basic
D:5:      layout_basic, nicolae_sif_muna_condensation, enter_ossuary_1
D:6:      layout_basic, nicolae_overflow_crystal_walls, lemuel_doored_altar,
          mainiacjoe_overflow_catwalk, minmay_temple_entry_ruins,
          columned_hall_lemuel, dk_rats_in_the_wall
D:7:      nzn_winding_woodlands_small [nzn_winding_woodlands_5x15_lazy_stream,
          nzn_winding_woodlands_center_pierced_h,
          nzn_winding_woodlands_5x15_crooked], layout_gridville,
          mainiacjoe_overflow_cross_hatched, evilmike_ruin_ashenzari
Temple:   corrupted_temple

Skill      XL: |  1  2  3  4  5  6  7  8  9 |
---------------+----------------------------+-----
Dodging        | 3 4 5 6 |  6.9
Axes           | 3 4 6 7 |  7.8
Fighting       | 4 5 |  5.7
Shields        | 4 5 6 |  6.0
Invocations    | 1 2 |  2.6
Evocations     | |  0.7

Action                   |  1- 3 |  4- 6 |  7- 9 || total
-------------------------+-------+-------+-------++-------
Melee: War axe           |    51 |   182 |   194 ||   427
       Tailslap          |     4 |    24 |    43 ||    71
       Hand axe          |       |    22 |   111 ||   133
 Abil: Breathe Frost     |       |       |     1 ||     1
Evoke: Wand              |       |       |     7 ||     7
  Use: Scroll            |     5 |     5 |     4 ||    14
       Potion            |       |     1 |     1 ||     2
 Stab: Sleeping          |     1 |     1 |     1 ||     3
Armor: Skin              |    24 |   116 |   118 ||   258
Dodge: Dodged            |    40 |   143 |   185 ||   368
Block: Buckler           |    16 |    54 |    72 ||   142

Table legend: (Time is in decaauts)
 A = Elapsed time spent in this place.
 B = Non-inter-level travel time spent in this place.
 C = Inter-level travel time spent in this place.
 D = Time resting spent in this place.
 E = Time spent auto-exploring this place.
 F = Levels seen in this place.
 G = Mean time per level.
                   A        B        C        D        E       F      G
               +--------+--------+--------+--------+--------+-----+--------+
         Total |   8476 |   8208 |    268 |    769 |   6096 |   9 |  941.8 |
       Dungeon |   7450 |   7195 |    255 |    644 |   5431 |   7 | 1064.3 |
        Temple |     67 |     54 |     13 |      0 |     23 |   1 |   67.0 |
       Ossuary |    957 |    957 |      0 |    125 |    642 |   1 |  957.0 |
               +--------+--------+--------+--------+--------+-----+--------+

Top non-repeatable levels by time:
     D:5: 1756 daAuts
     D:6: 1382 daAuts
     D:4: 1309 daAuts
     D:3: 1188 daAuts
     D:1: 963 daAuts
 Ossuary: 957 daAuts
     D:2: 676 daAuts
     D:7: 173 daAuts
  Temple: 67 daAuts
